 Dungeon Crawl Stone Soup version 0.16-a0-3452-g71b9fc6 (webtiles) character file.

213836 Herrn the Executioner (level 18, -6/178 HPs)
             Began as a Minotaur Fighter on Dec 31, 2014.
             Was a High Priest of Okawaru.
             Mangled by a deep troll (9 damage)
             ... summoned by a shadow trap
             ... on level 3 of the Depths on Jan 1, 2015.
             The game lasted 02:18:16 (41564 turns).

Herrn the Executioner (Minotaur Fighter)           Turns: 41564, Time: 02:18:17

Health: -6/178     AC: 30    Str: 29      XL:     18   Next: 66%
Magic:  23/23      EV: 26    Int: 10 (11) God:    Okawaru [*****.]
Gold:   4057       SH:  0    Dex: 18      Spells: 0 memorised, 17 levels left

rFire  . . .     SeeInvis .     D - +2 battleaxe (chop)
rCold  + . .     Clarity  .     L - +4 plate armour of Magic {Int+3 Dex+4}
rNeg   . . .     SustAb   .     (no shield)
rPois  .         Gourm    .     X - +0 hat of Disguise {Int+3 Dex+4}
rElec  +         Spirit   .     u - +0 cloak of Starlight {rElec rC+ EV+4 Stlth-}
rCorr  .         Warding  .     t - +2 pair of gloves
rMut   +         Stasis   .     v - +0 pair of boots
MR     +....                    P - amulet of resist mutation
Stlth  ..........               (no ring)
                                I - +3 ring of evasion

@: about to teleport, heroism, very slightly contaminated, hasted, very quick,
somewhat resistant to hostile enchantments, extremely unstealthy
A: retaliatory headbutt, horns 2
a: Heroism, Finesse, Renounce Religion


You were on level 3 of the Depths.
You worshipped Okawaru.
Okawaru was extremely pleased with you.
You were not hungry.

You visited 6 branches of the dungeon, and saw 33 of its levels.
You also visited: Ice Cave and Volcano.

You collected 4057 gold pieces.

Inventory:

Hand weapons
 f - a +2 battleaxe of chopping
 r - a +2 broad axe of flaming
 D - a +2 battleaxe of chopping (weapon)
 Z - a +0 triple crossbow
Missiles
 h - 14 bolts of penetration
 y - 276 bolts
 G - 62 poisoned bolts
 J - 34 bolts of flame
 K - 32 silver bolts
 Y - 73 bolts of frost
Armour
 e - a +2 ring mail of fire resistance
 l - a +4 troll leather armour of cold resistance
 m - the +6 large shield of Ignorance {rN+ AC+2 EV+2 Int-6 Curse}
   (You found it on level 1 of the Depths)

   It affects your AC (+2).
   It affects your evasion (+2).
   It affects your intelligence (-6).
   It protects you from negative energy.
   It may recurse itself when equipped.
 t - a +2 pair of gloves (worn)
 u - the +0 cloak of Starlight (worn) {rElec rC+ EV+4 Stlth-}
   (You acquired it on level 1 of the Lair of Beasts)

   It affects your evasion (+4).
   It protects you from cold.
   It insulates you from electricity.
   It makes you less stealthy.
 v - a +0 pair of boots (worn)
 L - the +4 plate armour of Magic (worn) {Int+3 Dex+4}
   (Okawaru gifted it to you on level 1 of the Depths)

   It affects your intelligence (+3).
   It affects your dexterity (+4).
 X - the +0 hat of Disguise (worn) {Int+3 Dex+4}
   (Okawaru gifted it to you on level 14 of the Dungeon)

   It affects your intelligence (+3).
   It affects your dexterity (+4).
Jewellery
 H - an uncursed amulet of clarity
 I - a +3 ring of evasion (left hand)
 M - an uncursed ring of see invisible
 P - an amulet of resist mutation (around neck)
 V - an uncursed ring of flight
Magical devices
 a - a wand of enslavement (17)
 j - a wand of fireball (6)
 E - a wand of teleportation (4)
Scrolls
 b - 7 scrolls of amnesia
 k - 3 scrolls of recharging
 o - 10 scrolls of remove curse
 p - a scroll of enchant weapon
 q - 9 scrolls of teleportation
 w - a scroll of holy word
 N - a scroll of silence
 R - 4 scrolls of enchant armour
 S - 2 scrolls of blinking
 W - a scroll of identify
Potions
 c - 2 potions of beneficial mutation
 g - 4 potions of magic
 i - a potion of flight
 n - 4 potions of restore abilities
 s - a potion of haste
 z - 3 potions of cancellation
 A - a potion of berserk rage
 B - 4 potions of invisibility
 Q - 8 potions of curing
 T - a potion of might
 U - a potion of resistance
Books
 x - a book of the Earth

   Spells                             Type                      Level
   a - Leda's Liquefaction            Hexes/Earth                  4
   b - Bolt of Magma                  Conjuration/Fire/Earth       5
   c - Statue Form                    Transmutation/Earth          6
   d - Iron Shot                      Conjuration/Earth            6
   e - Shatter                        Earth                        9
Comestibles
 d - 18 bread rations
 C - 12 meat rations
 O - 3 royal jellies


   Skills:
 * Level 19.7(24.7) Fighting
 * Level 24.3(27) Axes
 * Level 10.1(15.1) Crossbows
 + Level 13.7(18.7) Armour
 + Level 10.3(15.3) Dodging
 - Level 3.6(8.6) Shields
 - Level 6.6 Invocations


You had 17 spell levels left.
You didn't know any spells.

Dungeon Overview and Level Annotations

Branches:
Dungeon (15/15)            Temple (1/1) D:5            Lair (8/8) D:8
  Swamp (0/5) Lair:4        Snake (2/5) Lair:3        Slime (0/6) Lair:6
    Orc (4/4) D:10            Elf (0/3) Orc:3        Vaults (0/5) D:14
 Depths (3/5) D:15

Altars:
Ashenzari
Cheibriados
Dithmenos
Elyvilon
Fedhas
Gozag
Kikubaaqudgha
Makhleb
Nemelex Xobeh
Okawaru
Qazlal
Ru
Sif Muna
Trog
Vehumet
Xom
Yredelemnul
Zin
The Shining One
Beogh
Jiyva

Shops:
D:4 *   Orc:1 *   Orc:3 !   Orc:4 *[=(

Portals:
Hell: Depths:1 Depths:2 Depths:3
Abyss: Depths:3
Ziggurat: Depths:3

Annotations:
D:12 Nessos
Depths:2 runed door


Innate Abilities, Weirdness & Mutations

You reflexively headbutt those who attack you in melee.
You have a pair of horns on your head.


Message History

You shrug off the repeated paralysis!
Drink which item? (? for menu, Esc to quit)
You feel yourself speed up. The deep troll misses you.
The deep troll closely misses you. The deep troll claws you.
* * * LOW HITPOINT WARNING * * *
The deep troll completely misses you. The deep troll barely misses you.
The deep troll completely misses you. The death yak closely misses you.
The great orb of eyes gazes at you. You resist with some effort.
The deep troll shaman calls upon its god to speed up the deep troll.
The deep troll seems to speed up.
The deep troll bites you!!
* * * LOW HITPOINT WARNING * * *
The deep troll completely misses you. The deep troll claws you!
* * * LOW HITPOINT WARNING * * *
You are very lightly contaminated with residual magic.
Read which item? (? for menu, Esc to quit)
As you read the scroll of teleportation, it crumbles to dust.
You feel strangely unstable. The deep troll barely misses you.
The deep troll misses you. The deep troll claws you!
You die...

#.....#.T##...#####
+.###G'TTG##......#
###.###TYYT#......#
##.....##TJJ#..)...#
##+##.......##.##......#
#..#.........#..##.....#
#..##....<....#'..').....
#..#...TTY.....'.)'.....#
#..##...@T..).#')['....##
#..#....G....#..##..###
##+##.......#####....>..
##.....##JJJ#...###.
###.###!..)#....
+G###.+..[##..##'
#.....#.?##...# .#
##...#### ...# # #####
....#


You could see a death yak, a great orb of eyes, 2 deep trolls, a deep troll
shaman and 2 giant eyeballs.

Vanquished Creatures
  A golden dragon (Depths:3)
  A tentacled monstrosity (Depths:2)
  Asterion (Snake:1)
  2 liches
  Frances (D:14)
  A fire giant (Depths:2)
  A deep elf sorcerer (Depths:2)
  3 orc warlords
  Louise (Snake:1)
  3 frost giants
  Gastronok (Lair:3)
  2 emperor scorpions
  6 stone giants
  5 very ugly things (Depths:1)
  2 vampire knights
  3 dire elephants
  7 ettins
  4 minotaurs
  4 vault guards (D:14)
  A deep elf death mage (Depths:3)
  6 fire dragons
  2 great orbs of eyes (Depths:2)
  A spriggan air mage (Depths:2)
  3 naga warriors
  8 hydras
  2 ice dragons
  3 centaur warriors
  9 rakshasas
  An anaconda (Snake:2)
  Erica (Lair:8)
  An anaconda (shapeshifter) (Depths:1)
  5 deep troll earth magi
  9 deep troll shamans
  The ghost of wojtek the Slicer, a powerful KoAs of Makhleb (Lair:1)
  A tengu warrior (D:13)
  3 ogre magi
  A shock serpent (shapeshifter) (Depths:2)
  2 shock serpents
  2 naga sharpshooters (Snake:2)
  Urug (D:11)
  3 orc high priests
  11 death yaks
  A catoblepas (Lair:8)
  2 deep elf knights
  A small abomination (Orc:4)
  Erolcha (Orc:2)
  3 unseen horrors
  4 iron trolls
  A naga ritualist (Snake:2)
  8 deep trolls
  A giant orange brain (Depths:3)
  A lindwurm (Lair:8)
  11 hill giants
  3 ice statues
  3 ice devils (IceCv)
  Pikel (D:7)
  2 deep elf summoners
  A mana viper (Snake:1)
  2 griffons (Lair:8)
  2 deep elf conjurers (Depths:1)
  5 orc sorcerers
  A salamander (shapeshifter) (Depths:3)
  A salamander (Snake:2)
  An oklob plant (Lair:7)
  32 ugly things
  5 orc knights
  2 phantasmal warriors (Depths:3)
  18 elephants
  3 toenail golems (Volcano)
  5 manticores
  A black mamba (shapeshifter) (Depths:2)
  Maurice (Orc:2)
  3 eyes of devastation (Depths:3)
  2 cyclopes
  9 black mambas
  A guardian serpent (shapeshifter) (Depths:1)
  3 gargoyles
  4 torpor snails
  2 orange crystal statues
  5 spectral swamp worms (Depths:1)
  A demonic crawler (Depths:2)
  A komodo dragon (shapeshifter) (D:14)
  10 komodo dragons
  16 spiny frogs
  3 naga magi
  2 tengu conjurers
  3 polar bears
  A troll (shapeshifter) (Depths:3)
  12 yaktaurs
  8 blue devils
  4 trolls
  A deep elf priest (Orc:4)
  5 two-headed ogres
  4 fire drakes
  Prince Ribbit (D:6)
  A raven (D:13)
  A queen bee (shapeshifter) (Depths:1)
  12 slime creatures
  16 blink frogs
  A raven (shapeshifter) (Depths:2)
  A boulder beetle (shapeshifter) (Depths:1)
  A trapdoor spider (shapeshifter) (Depths:2)
  5 basilisks
  A harpy skeleton (D:15)
  A water elemental (D:12)
  A vampire (Depths:1)
  A spriggan (D:11)
  5 deep elf magi
  A tarantella (shapeshifter) (Depths:1)
  7 wyverns
  7 humans
  26 yaks
  21 wolves
  3 golden eyes (Depths:3)
  8 hippogriffs
  2 hungry ghosts
  Grum (Orc:1)
  A harpy simulacrum (D:15)
  2 wargs (Orc:4)
  5 deep elf fighters
  3 vampire mosquitoes (D:14)
  A mottled dragon (D:13)
  13 swamp worms
  Edmund (D:7)
  9 nagas
  2 soldier ants
  21 water moccasins
  11 porcupines
  3 black bears
  26 ogres
  A slave (D:7)
  A sky beast (D:13)
  2 phantoms
  36 orc warriors
  15 ice beasts
  A boring beetle (Lair:8)
  10 boggarts
  14 crocodiles
  21 centaurs
  A brain worm (Lair:5)
  Sigmund (D:6)
  A necrophage (D:13)
  2 big kobolds
  16 giant frogs
  6 scorpions
  8 wights
  A vampire bat (Lair:3)
  An electric eel (Lair:1)
  16 killer bees
  9 crimson imps
  5 centaur zombies
  5 giant frog zombies
  2 goliath beetles
  9 hounds
  A quasit (D:6)
  Crazy Yiuf (D:4)
  23 orc priests
  6 centaur skeletons
  15 jellies
  14 worker ants
  2 giant frog skeletons
  13 sheep
  30 orc wizards
  12 iguanas
  9 hell rats
  A killer bee zombie (D:11)
  Ijyb (D:2)
  2 hound skeletons (D:11)
  A worker ant zombie (D:7)
  26 adders
  70 river rats
  3 orc zombies (Orc:4)
  A giant mite (D:8)
  3 gnolls (D:5)
  4 shadow imps
  13 white imps
  10 worms
  4 ufetubi (IceCv)
  4 adder skeletons
  6 giant geckos
  161 orcs
  19 bats
  A bat zombie (D:6)
  26 goblins
  20 hobgoblins
  25 kobolds
  13 oozes (Lair:7)
  16 quokkas
  3 ball pythons
  4 giant cockroaches
  A giant gecko skeleton (D:7)
  7 giant newts
  2 giant spores
  11 jackals
  A quokka skeleton (D:4)
  26 rats
  7 ballistomycetes
  A crawling corpse (Orc:4)
  5 fungi
  15 plants
1394 creatures vanquished.

Vanquished Creatures (collateral kills)
  A troll (D:13)
  A soldier ant (D:13)
  4 centaurs (D:13)
6 creatures vanquished.

Vanquished Creatures (others)
  A deep elf high priest (Depths:2)
  A wizard (D:15)
  A centaur skeleton (D:15)
  A centaur (D:12)
  2 giant frogs
  A scorpion (D:7)
  A wight (D:12)
  An electric eel (Lair:1)
  An adder (D:7)
  A white imp (IceCv)
  2 ufetubi (IceCv)
  An adder zombie (D:7)
  A quokka (D:7)
  A bat (D:7)
  3 fungi (Lair:7)
  4 plants
23 creatures vanquished.

Grand Total: 1423 creatures vanquished

Notes
Turn   | Place    | Note
--------------------------------------------------------------
     0 | D:1      | Herrn, the Minotaur Fighter, began the quest for the Orb.
     0 | D:1      | Reached XP level 1. HP: 19/19 MP: 1/1
    86 | D:1      | Reached skill level 4 in Fighting
    91 | D:1      | Reached XP level 2. HP: 10/27 MP: 1/1
   854 | D:2      | Reached XP level 3. HP: 32/34 MP: 2/2
  1116 | D:2      | Noticed Ijyb
  1133 | D:2      | Killed Ijyb
  1138 | D:2      | Reached skill level 5 in Fighting
  1178 | D:2      | Reached XP level 4. HP: 42/42 MP: 2/2
  1286 | D:2      | Reached skill level 1 in Dodging
  2157 | D:3      | Reached XP level 5. HP: 44/48 MP: 2/2
  2700 | D:4      | Reached skill level 5 in Armour
  2752 | D:4      | Noticed an ogre
  2760 | D:4      | Killed an ogre
  2760 | D:4      | Reached skill level 5 in Axes
  2760 | D:4      | Reached XP level 6. HP: 43/57 MP: 3/3
  2872 | D:4      | Reached skill level 6 in Fighting
  2898 | D:4      | Found Taipsioc's General Store.
  3729 | D:4      | Reached XP level 7. HP: 64/64 MP: 3/3
  4001 | D:4      | Noticed Crazy Yiuf
  4006 | D:4      | Killed Crazy Yiuf
  4014 | D:4      | Got a slimy hammer
  4015 | D:4      | Identified the cursed +1 hammer "Stryfo Suogi" {venom, rF+ Str+3} (You found it on level 4 of the Dungeon)
  4107 | D:5      | Entered Level 5 of the Dungeon
  4136 | D:5      | Reached skill level 7 in Fighting
  4448 | D:5      | Reached XP level 8. HP: 38/73 MP: 3/3
  4946 | D:5      | Found a staircase to the Ecumenical Temple.
  4953 | Temple   | Entered the Ecumenical Temple
  5359 | D:6      | Reached skill level 8 in Fighting
  5373 | D:6      | Noticed Prince Ribbit
  5580 | D:6      | Found an iron altar of Okawaru.
  5596 | D:6      | Became a worshipper of Warmaster Okawaru
  5678 | D:6      | Got a bloodstained ring mail
  5689 | D:6      | Identified the cursed -3 ring mail "Klorith" {Str-2 Dex+1} (You found it on level 6 of the Dungeon)
  5718 | D:6      | Reached skill level 9 in Axes
  5977 | D:6      | Killed Prince Ribbit
  5977 | D:6      | Acquired Okawaru's first power
  5977 | D:6      | Reached XP level 9. HP: 42/82 MP: 4/4
  6207 | D:6      | Noticed Sigmund
  6221 | D:6      | Killed Sigmund
  6314 | D:7      | Noticed Edmund
  6326 | D:7      | Killed Edmund
  6425 | D:7      | Noticed Pikel
  6443 | D:7      | Killed Pikel
  6443 | D:7      | Reached skill level 10 in Axes
  7003 | D:8      | Reached skill level 11 in Axes
  7111 | D:8      | Found a staircase to the Lair.
  7175 | D:8      | Reached skill level 1 in Invocations
  7313 | D:8      | Reached skill level 10 in Fighting
  7313 | D:8      | Reached XP level 10. HP: 54/93 MP: 5/6
  8789 | D:10     | Entered Level 10 of the Dungeon
  8789 | D:10     | Noticed a hill giant
  8802 | D:10     | Killed a hill giant
  8802 | D:10     | Reached skill level 12 in Axes
  9392 | D:10     | Found a staircase to the Orcish Mines.
 10169 | D:11     | Noticed a brown ugly thing
 10181 | D:11     | Killed a brown ugly thing
 10181 | D:11     | Reached skill level 5 in Dodging
 10197 | D:11     | Noticed a manticore
 10211 | D:11     | Killed a manticore
 10515 | D:11     | Noticed a hill giant
 10526 | D:11     | Killed a hill giant
 10526 | D:11     | Reached XP level 11. HP: 100/102 MP: 9/10
 10611 | D:11     | Reached skill level 13 in Axes
 10633 | D:11     | Noticed a cyclops
 10647 | D:11     | Killed a cyclops
 10781 | D:11     | Noticed a hill giant
 10788 | D:11     | Killed a hill giant
 10986 | D:11     | Acquired Okawaru's second power
 11060 | D:11     | Noticed a hill giant
 11070 | D:11     | Killed a hill giant
 11081 | D:11     | Noticed Urug
 11098 | D:11     | Killed Urug
 11590 | D:11     | Found a sacrificial altar of Ru.
 11888 | D:12     | Noticed Nessos
 11975 | Orc:1    | Entered Level 1 of the Orcish Mines
 11976 | Orc:1    | Found Xaituad's General Store.
 12326 | Orc:2    | Noticed Grum
 12557 | Orc:1    | Killed Grum
 12557 | Orc:1    | Reached skill level 14 in Axes
 12994 | Orc:2    | Noticed an orc warlord
 13012 | Orc:2    | Killed an orc warlord
 13012 | Orc:2    | Reached skill level 10 in Armour
 13023 | Orc:2    | Received a gift from Okawaru
 13034 | Orc:2    | Got a transparent buckler {god gift}
 13319 | Orc:2    | Noticed Maurice
 13321 | Orc:2    | Noticed Erolcha
 13339 | Orc:2    | Killed Erolcha
 13339 | Orc:2    | Reached skill level 5 in Invocations
 13499 | Orc:3    | Noticed an orc high priest
 13510 | Orc:3    | Killed an orc high priest
 13510 | Orc:3    | Reached XP level 12. HP: 111/113 MP: 13/15
 13520 | Orc:3    | Found Khuimoapt's Distillery.
 13581 | Orc:2    | Killed Maurice
 13581 | Orc:2    | Reached skill level 15 in Axes
 13677 | Orc:3    | Found a staircase to the Elven Halls.
 13729 | Orc:3    | Found an iron altar of Okawaru.
 13838 | Orc:4    | Entered Level 4 of the Orcish Mines
 13839 | Orc:4    | Noticed an orc warlord
 13860 | Orc:4    | Killed an orc warlord
 14029 | Orc:4    | Paralysed by an orc sorcerer for 3 turns
 14051 | Orc:4    | Reached skill level 16 in Axes
 14142 | Orc:4    | Found a roughly hewn altar of Beogh.
 14344 | Orc:4    | Noticed an orc warlord
 14366 | Orc:4    | Killed an orc warlord
 14742 | Orc:4    | Found Fautzou's General Store.
 14762 | Orc:4    | Found Ghyeluho's Antique Armour Shop.
 14790 | Orc:4    | Found Vahequh's Antique Weapon Shop.
 14806 | Orc:4    | Found Phual's Jewellery Shop.
 15399 | Orc:3    | Reached XP level 13. HP: 117/123 MP: 18/18
 15585 | Orc:3    | Found a roughly hewn altar of Beogh.
 15850 | D:12     | Got a spiked plate armour
 15852 | D:12     | Got a translucent iron ring
 15879 | D:12     | Identified the +3 plate armour of Somewhere Else {Slay-1} (You found it on level 12 of the Dungeon)
 15879 | D:12     | Identified the ring "Schable" {rElec rF- MP+9 Slay-4} (You found it on level 12 of the Dungeon)
 16297 | D:12     | Noticed a hill giant
 16313 | D:12     | Killed a hill giant
 16384 | D:12     | Killed an unseen horror
 16384 | D:12     | Received a gift from Okawaru
 16384 | D:12     | Reached skill level 17 in Axes
 16896 | D:13     | Found a frozen archway.
 16912 | IceCv    | Entered an ice cave
 17264 | IceCv    | Reached XP level 14. HP: 126/133 MP: 20/20
 18890 | D:13     | Reached skill level 18 in Axes
 19162 | D:14     | Noticed Frances
 19162 | D:14     | Reached skill level 15 in Fighting
 19176 | D:14     | Killed Frances
 19176 | D:14     | Received a gift from Okawaru
 19185 | D:14     | Got a scorched hat {god gift}
 19198 | D:14     | Identified the +0 hat of Disguise {Int+3 Dex+4} (Okawaru gifted it to you on level 14 of the Dungeon)
 19235 | D:14     | Reached skill level 1 in Crossbows
 19945 | D:14     | Reached XP level 15. HP: 141/141 MP: 21/21
 20228 | D:14     | Found a gate to the Vaults.
 20873 | D:15     | Entered Level 15 of the Dungeon
 21000 | D:15     | Paralysed by a wizard for 6 turns
 21014 | D:15     | Paralysed by something for 7 turns
 21179 | D:15     | Reached skill level 19 in Axes
 21757 | D:15     | Found a staircase to the Depths.
 22562 | Lair:1   | Entered Level 1 of the Lair of Beasts
 22646 | Lair:1   | Noticed wojtek's ghost (powerful KoAs)
 22655 | Lair:1   | Killed wojtek's ghost
 23127 | Lair:1   | Received a gift from Okawaru
 23141 | Lair:1   | Identified a scroll of acquirement
 23667 | Lair:2   | Found a dark tunnel.
 23673 | Volcano  | Entered a volcano
 24016 | Lair:2   | Received a gift from Okawaru
 24592 | Lair:3   | Noticed Gastronok
 24605 | Lair:3   | Killed Gastronok
 24775 | Lair:3   | Found a staircase to the Snake Pit.
 24786 | Lair:3   | Reached skill level 5 in Crossbows
 25665 | Lair:4   | Reached skill level 20 in Axes
 25806 | Lair:4   | Found a staircase to the Swamp.
 27596 | Lair:6   | Found a viscous altar of Jiyva.
 27597 | Lair:6   | Found a staircase to the Slime Pits.
 27601 | Lair:6   | Reached XP level 16. HP: 147/152 MP: 21/21
 27621 | Lair:6   | Identified the +0 buckler "Crestriydd" {+Inv rPois Str+4} (Okawaru gifted it to you on level 2 of the Orcish Mines)
 27984 | Lair:6   | Reached skill level 10 in Dodging
 29507 | Lair:8   | Entered Level 8 of the Lair of Beasts
 29779 | Lair:8   | Noticed Erica
 29789 | Lair:8   | Killed Erica
 29818 | Lair:8   | Reached skill level 21 in Axes
 29818 | Lair:8   | Received a gift from Okawaru
 30303 | Lair:8   | Received a gift from Okawaru
 30424 | Lair:8   | Received a gift from Okawaru
 30981 | Snake:1  | Entered Level 1 of the Snake Pit
 31724 | Snake:1  | Noticed Asterion
 31741 | Snake:1  | Killed Asterion
 31741 | Snake:1  | Received a gift from Okawaru
 32065 | Snake:1  | Got an ancient leather armour
 32076 | Snake:1  | Identified the -5 leather armour of Starshine {rF++} (You found it on level 1 of the Snake Pit)
 32505 | Snake:1  | Noticed Louise
 32520 | Snake:1  | Killed Louise
 32660 | Snake:2  | Received a gift from Okawaru
 33844 | Snake:2  | Received a gift from Okawaru
 34553 | Depths:1 | Entered Level 1 of the Depths
 34979 | Depths:1 | Reached XP level 17. HP: 103/163 MP: 20/22
 35358 | Depths:1 | Paralysed by a vampire knight for 5 turns
 35437 | Depths:1 | Reached skill level 22 in Axes
 35584 | Depths:1 | Found a gateway to Hell.
 35590 | Depths:1 | Received a gift from Okawaru
 36400 | Depths:1 | Received a gift from Okawaru
 36920 | Depths:1 | Received a gift from Okawaru
 36927 | Depths:1 | Got a brightly glowing plate armour {god gift}
 36938 | Depths:1 | Identified the +4 plate armour of Magic {Int+3 Dex+4} (Okawaru gifted it to you on level 1 of the Depths)
 37047 | Depths:2 | Reached skill level 23 in Axes
 37063 | Depths:2 | Upgraded the game from 0.16-a0-3420-gb95a3aa to 0.16-a0-3452-g71b9fc6
 37830 | Depths:2 | Found a runed door.
 38192 | Depths:2 | Found a runed door.
 38196 | Depths:2 | Noticed a tentacled monstrosity
 38230 | Depths:2 | Killed a tentacled monstrosity
 38241 | Depths:2 | Reached XP level 18. HP: 98/174 MP: 0/23
 38252 | Depths:2 | Received a gift from Okawaru
 39092 | Depths:2 | Received a gift from Okawaru
 39448 | Depths:3 | Found a gateway to a ziggurat.
 39504 | Depths:3 | Noticed a golden dragon
 39513 | Depths:3 | Killed a golden dragon
 39571 | Depths:3 | Reached skill level 24 in Axes
 40332 | Depths:3 | Found a one-way gate to the infinite horrors of the Abyss.
 40474 | Depths:3 | Paralysed by a giant eyeball for 4 turns
 40481 | Depths:3 | Paralysed by a giant eyeball for 2 turns
 40491 | Depths:3 | Paralysed by a giant eyeball for 2 turns
 40685 | Depths:3 | Paralysed by a giant eyeball for 4 turns
 40690 | Depths:3 | Paralysed by a giant eyeball for 3 turns
 40841 | Depths:3 | Reached skill level 10 in Crossbows
 41529 | Depths:3 | Paralysed by a giant eyeball for 2 turns
 41548 | Depths:3 | Paralysed by a giant eyeball for 3 turns
 41559 | Depths:3 | Paralysed by a giant eyeball for 2 turns
 41563 | Depths:3 | HP: 3/178 [deep troll[a shadow trap] (12)]
 41564 | Depths:3 | Mangled by a deep troll

Action                   |  1- 3 |  4- 6 |  7- 9 | 10-12 | 13-15 | 16-18 || total
-------------------------+-------+-------+-------+-------+-------+-------++-------
Melee: War axe           |   110 |   175 |   367 |   205 |       |       ||   857
       Battleaxe         |       |       |       |   472 |   980 |   718 ||  2170
       Flail             |       |       |       |       |    42 |    15 ||    57
       Broad axe         |       |       |       |       |       |   399 ||   399
 Fire: Triple crossbow   |       |       |       |       |       |    28 ||    28
Invok: Heroism           |       |       |       |     9 |    12 |    13 ||    34
Evoke: Wand              |       |       |       |       |     1 |       ||     1
  Use: Scroll            |       |       |    10 |     5 |    22 |    12 ||    49
       Potion            |       |       |     2 |     7 |     3 |     7 ||    19
 Stab: Confused          |       |       |       |       |     1 |       ||     1
  Eat: Chunk             |       |     9 |    12 |    23 |    14 |    14 ||    72
       Pizza             |       |       |       |     2 |       |     4 ||     6
       Beef jerky        |       |       |       |     4 |     1 |       ||     5
       Bread ration      |       |       |       |       |     1 |     1 ||     2
       Meat ration       |       |       |       |       |     2 |     3 ||     5
       Fruit             |       |       |       |       |    12 |     6 ||    18
